Map: Pillars of Gold LE

Players

Dante - Winner!

  • Race: Protoss Protoss
  • League: Diamond
  • Spawn Location: 7:00

SnowRabbit

  • Race: Zerg Zerg
  • League: Diamond
  • Spawn Location: 1:00

VOD

Have the link to the VOD?

Description

Time

  • Played on: July 4, 2020, 2:47 a.m.
  • Length: 10:32
Show
View Real Time Build Order
Export as new Build Order

Dante Protoss - Winner!

Build Orders: 1 Gate Expand, Oracle Opening, Zealot Archon, Archon Drop 

Get SALT Encoding   

  12  0:01  Probe  
  13  0:13  Probe  
  14  0:20  Pylon  
  14  0:25  Probe  
  15  0:36  Probe  
  15  0:41  Gateway  
  16  0:44  Probe  
  17  0:51  Assimilator  
  17  0:52  Probe  
  18  1:14  Probe  
  19  1:26  Probe  
  19  1:37  Nexus  
  19  1:44  Cybernetics Core  
  19  1:47  Probe  
  20  1:55  Assimilator  
  20  1:59  Probe  
  21  2:11  Warp Gate, Probe  
  21  2:15  Pylon  
  22  2:28  Adept  
  22  2:35  Stargate  
  24  2:38  Probe  
  25  2:50  Probe x2  
  27  2:58  Stalker  
  27  3:02  Probe x2  
  31  3:14  Probe x2  
  31  3:19  Oracle  
  36  3:26  Probe  
  37  3:29  Probe  
  38  3:36  Probe  
  38  3:38  Probe  
  37  3:42  Robotics Facility  
  37  3:44  Probe  
  37  3:46  Probe  
  38  3:52  Probe  
  40  3:56  Probe  
  40  3:57  Twilight Council  
  40  3:58  Gateway  
  42  4:06  Gateway  
  42  4:07  Gateway  
  42  4:11  Pylon  
  42  4:15  Probe  
  42  4:16  Probe  
  44  4:22  Assimilator  
  44  4:24  Warp Prism  
  44  4:28  Probe  
  45  4:33  Probe  
  48  4:39  Charge  
  48  4:45  Templar Archives, Probe  
  49  4:48  Gateway  
  49  4:49  Assimilator  
  49  4:52  Pylon  
  49  4:57  Pylon  
  49  5:01  Probe  
  50  5:10  Gateway  
  50  5:12  Gateway  
  50  5:22  High Templar x2  
  54  5:36  High Templar  
  54  5:38  Archon  
  56  5:48  High Templar  
  58  5:52  Zealot  
  58  5:55  Archon  
  60  5:57  Zealot x2  
  64  6:04  Pylon  
  64  6:06  Pylon  
  64  6:08  Pylon  
  64  6:10  Void Ray, Pylon  
  68  6:12  Pylon  
  68  6:19  Zealot  
  58  6:33  Probe x2  
  58  6:39  Zealot x5  
  70  6:40  Zealot x2  
  74  7:06  High Templar x2  
  74  7:07  High Templar x2  
  74  7:08  Zealot x3  
  80  7:11  Archon  
  80  7:12  Archon  
  80  7:36  Zealot x3  
  70  7:40  High Templar x3  
  70  7:46  Warp Prism  
  70  7:47  Zealot  
  68  7:57  Gateway  
  70  7:58  Gateway  
  70  8:00  Archon  
  70  8:01  Gateway  
  70  8:05  Gateway  
  70  8:06  Gateway  
  67  8:36  Warp Prism  
  67  8:41  Zealot x6  
  75  8:42  Zealot  
  83  9:02  Zealot x3  
  79  9:03  Zealot x4  
  79  9:04  Zealot x4  
  91  9:25  High Templar x5  
  91  9:26  High Templar x2  
  91  9:28  Zealot x2  
  91  9:29  Zealot  
  91  9:31  Archon x3  
  107  9:56  High Templar  
  107  10:06  Pylon  
  105  10:07  Pylon  
  105  10:10  Archon, Pylon  
  105  10:12  Zealot x2  
  105  10:13  Pylon  
Show
View Real Time Build Order
Export as new Build Order

SnowRabbit Zerg 

Build Orders: Hatch First 

Get SALT Encoding   

  12  0:01  Drone  
  13  0:08  Drone  
  14  0:17  Overlord  
  14  0:36  Drone x3  
  17  0:48  Drone  
  18  0:58  Hatchery  
  17  1:11  Spawning Pool  
  17  1:32  Drone  
  17  1:33  Drone  
  17  1:39  Drone  
  19  1:44  Hatchery  
  18  1:52  Drone  
  19  2:01  Drone  
  20  2:03  Queen  
  20  2:08  Overlord  
  22  2:12  Drone  
  23  2:16  Drone  
  23  2:22  Queen  
  24  2:25  Drone  
  24  2:29  Drone  
  28  2:32  Drone  
  29  2:39  Drone  
  29  2:43  Overlord  
  30  2:51  Drone  
  31  2:53  Drone  
  31  2:56  Queen  
  31  2:57  Queen  
  36  2:59  Drone  
  37  3:05  Overlord  
  37  3:07  Drone  
  37  3:11  Drone x2  
  40  3:15  Overlord  
  40  3:17  Drone  
  40  3:18  Drone  
  40  3:19  Drone  
  43  3:23  Drone  
  44  3:29  Drone x3  
  44  3:32  Drone x2  
  44  3:33  Drone  
  50  3:41  Queen  
  50  3:47  Extractor  
  51  3:49  Extractor  
  51  3:54  Extractor, Drone  
  51  3:55  Drone x7  
  57  3:56  Extractor  
  56  4:05  Overlord, Queen  
  56  4:06  Overlord  
  58  4:47  Drone  
  58  4:48  Drone x14  
  58  4:52  Baneling Nest, Metabolic Boost  
  73  4:59  Evolution Chamber x2, Drone  
  73  5:00  Drone x4  
  73  5:01  Overlord  
  75  5:21  Spore Crawler  
  75  5:27  Zerg Melee Weapons Level 1, Zerg Ground Armor Level 1  
  75  5:28  Zergling x2  
  75  5:29  Zergling x20  
  75  5:33  Overlord  
  85  5:37  Lair  
  85  5:39  Zergling x6  
  88  5:48  Zergling x4  
  90  6:03  Zergling x2  
  92  6:04  Zergling x14  
  92  6:07  Overlord  
  92  6:08  Overlord x3  
  92  6:09  Baneling  
  92  6:10  Baneling x17  
  92  6:11  Baneling x2  
  81  6:38  Drone, Hydralisk Den  
  81  6:39  Drone x12  
  80  6:56  Hatchery  
  71  7:03  Zergling x2  
  71  7:04  Zergling x22  
  79  7:09  Grooved Spines  
  71  7:39  Lair  
  67  7:52  Hatchery x2, Extractor  
  67  7:53  Extractor  
  67  7:54  Spore Crawler  
  67  7:55  Spine Crawler  
  67  7:56  Spine Crawler  
  67  7:57  Drone x4  
  67  7:58  Drone x2  
  66  8:00  Spine Crawler  
  65  8:06  Overlord x2  
  65  8:08  Zergling x6  
  68  8:45  Drone  
  68  8:46  Drone x8  
  77  8:53  Baneling x6  
  77  9:01  Spine Crawler, Spore Crawler  
  77  9:02  Spine Crawler  
  74  9:03  Spine Crawler  
  74  9:08  Zergling x6  
  68  9:26  Zergling x2  
  68  9:27  Zergling x16  
  74  9:38  Hatchery  
  70  9:39  Hatchery  
  70  9:40  Hatchery  
  57  9:55  Baneling  
  57  9:56  Baneling x3  
Tags
 
Add a new tag
Caveats
  • Supply blocks, unpowered buildings, or Contaminate may cause inaccurate times.
  • Supply counts are checked every 10 seconds.